 Dungeon Crawl Stone Soup version 0.27-a0-1105-g946c659c87 (webtiles) character file.

Game seed: 5252828432172551318

85888 Papr the Destroyer (level 15, -9/124 HPs)
             Began as a Demigod Conjurer on Apr 29, 2021.
             Mangled by a black mamba (13 damage)
             ... on level 3 of the Snake Pit.
             The game lasted 01:24:27 (33172 turns).

Papr the Destroyer (Demigod Conjurer)              Turns: 33172, Time: 01:24:28

Health: -9/124     AC: 13    Str:  8    XL:     15   Next: 0%
Magic:  17/34      EV: 15    Int: 46    God:
Gold:   1323       SH:  1    Dex: 16    Spells: 10/34 levels left

rFire    + . .     SeeInvis .   s - staff of conjuration
rCold    . . .     Faith    .   z - -4 buckler of Tovidew {rElec Will++ Dex+4}
rNeg     . . .     Spirit   .   V - +0 acid dragon scales
rPois    .         Reflect  .   P - +2 helmet
rElec    +         Harm     .   U - +0 cloak
rCorr    +         Rampage  .   g - +1 pair of gloves
Will     +++..                  u - +0 pair of boots
Stlth    +++.......             p - amulet of magic regeneration
HPRegen  0.30/turn              B - +6 ring of intelligence
MPRegen  0.49/turn              F - ring of protection from fire

@: about to teleport
A: high mp 1, forlorn
a: no special abilities


You were on level 3 of the Snake Pit.
You visited 5 branches of the dungeon, and saw 24 of its levels.

You collected 2100 gold pieces.
You spent 777 gold pieces at shops.

Inventory:

Hand Weapons
 m - the +10 short sword "Hydraslayer" {vamp, +Blink rPois}
   (You took it off an orc on level 4 of the Dungeon)

   It inflicts no extra harm, but heals its wielder when it wounds a living foe.
   It protects you from poison.
   It lets you blink.
 Z - the +7 scimitar of Kimailla {drain, rC+ SInv}
   (You found it on level 1 of the Snake Pit)

   A truly terrible weapon, it drains the life of those it strikes.
   It protects you from cold.
   It lets you see invisible.
Missiles
 c - 2 atropa-tipped darts
 I - 4 javelins
 W - 2 throwing nets
Armour
 g - a +1 pair of gloves (worn)
 u - a +0 pair of boots (worn)
 z - the -4 buckler of Tovidew (worn) {rElec Will++ Dex+4}
   (You acquired it on level 6 of the Lair of Beasts)

   It affects your dexterity (+4).
   It insulates you from electricity.
   It greatly increases your willpower.
 P - a +2 helmet (worn)
 U - a +0 cloak (worn)
 V - +0 acid dragon scales (worn)
Magical Staves
 s - a staff of conjuration (weapon)
Jewellery
 p - an amulet of magic regeneration (around neck)
 B - a +6 ring of intelligence (left hand)
 D - a ring of willpower
 E - an amulet of the acrobat
 F - a ring of protection from fire (right hand)
 G - a +4 ring of protection
 S - an amulet of reflection
 X - a ring of protection from cold
Wands
 o - a wand of flame (73)
 y - a wand of charming (5)
 L - a wand of paralysis (12)
Scrolls
 a - a scroll of blinking
 e - a scroll of holy word
 h - 2 scrolls of enchant weapon
 k - 2 scrolls of enchant armour
 n - 7 scrolls of summoning
 q - 3 scrolls of immolation
 v - 2 scrolls of teleportation
 x - 4 scrolls of fog
 C - 3 scrolls of vulnerability
 N - a scroll of magic mapping
 T - 5 scrolls of amnesia
Potions
 b - 2 potions of mutation
 d - 5 potions of curing
 i - 2 potions of cancellation
 j - 3 potions of lignification
 l - a potion of invisibility
 r - a potion of attraction
 w - a potion of heal wounds
 A - a potion of might
 K - 2 potions of haste
 M - a potion of magic
 Q - 3 potions of flight
 R - a potion of ambrosia
 Y - 2 potions of resistance
Miscellaneous
 t - a box of beasts (inert)
 J - a phial of floods
 O - a piece from Xom's chessboard (15/15)


   Skills:
 - Level 9.0 Fighting
 + Level 1.8 Armour
 - Level 9.0 Dodging
 - Level 5.0 Stealth
 - Level 4.0 Shields
 + Level 10.2 Spellcasting
 + Level 13.6 Conjurations
 - Level 4.0 Hexes
 + Level 6.1 Summonings
 - Level 4.0 Translocations
 - Level 4.0 Air Magic
 - Level 2.0 Poison Magic
 - Level 9.1 Evocations


You had 10 spell levels left.
You knew the following spells:

 Your Spells              Type           Power      Damage    Failure   Level
a - Blink                 Tloc           N/A        N/A       1%          2
b - Orb of Destruction    Conj           61%        9d17      6%          7
c - Iskenderun's Mystic   Conj/Tloc      100%       2d19      1%          4
d - Fulminant Prism       Conj/Hex       51%        3d23      1%          4
e - Mephitic Cloud        Conj/Pois/Air  90%        N/A       1%          3
f - Summon Lightning Spi  Summ/Air       63%        N/A       2%          4

Your spell library contained the following spells:

 Spells                   Type           Power      Damage    Failure   Level
 Magic Dart               Conj           100%       1d8       0%          1
 Searing Ray              Conj           100%       3d7       0%          2
 Animate Skeleton         Necr           46%        N/A       1%          1
 Beastly Appendage        Tmut           46%        N/A       1%          1
 Corona                   Hex            63%        N/A       1%          1
 Pain                     Necr           92%        1d8       1%          1
 Summon Small Mammal      Summ           100%       N/A       1%          1
 Call Imp                 Summ           68%        N/A       1%          2
 Ensorcelled Hibernation  Hex/Ice        82%        N/A       1%          2
 Slow                     Hex            57%        N/A       1%          2
 Call Canine Familiar     Summ           68%        N/A       1%          3
 Confusing Touch          Hex            57%        N/A       1%          3
 Conjure Flame            Conj/Fire      92%        6-21      1%          3
 Dazzling Flash           Conj/Hex       100%       N/A       1%          3
 Summon Guardian Golem    Hex/Summ       63%        N/A       1%          3
 Tukima's Dance           Hex            57%        N/A       1%          3
 Iskenderun's Battlesphe  Conj           100%       2d15      1%          5
 Wereblood                Tmut           23%        N/A       3%          2
 Spider Form              Tmut/Pois      16%        N/A       4%          3
 Summon Ice Beast         Ice/Summ       51%        N/A       5%          4
 Vampiric Draining        Necr           11%        2d7       6%          3
 Bolt of Magma            Conj/Fire/Erth 39%        4d17      9%          5
 Iron Shot                Conj/Erth      46%        9d9       19%         6
 Animate Dead             Necr           11%        N/A       21%         4
 Ice Form                 Ice/Tmut       23%        N/A       21%         4
 Spellforged Servitor     Conj/Summ      53%        N/A       28%         7
 Agony                    Necr           23%        N/A       50%         5
 Borgnjor's Vile Clutch   Necr/Erth      11%        N/A       50%         5
 Hydra Form               Tmut           11%        N/A       50%         5
 Death Channel            Necr           11%        N/A       97%         6
 Simulacrum               Ice/Necr       11%        N/A       97%         6


Dungeon Overview and Level Annotations

Branches:
Dungeon (12/15)            Temple (0/1) D:5            Lair (6/6) D:9
  Swamp (0/4) Lair:4        Snake (3/4) Lair:3        Slime (0/5) Lair:5
    Orc (2/2) D:11            Elf (1/3) Orc:2

Shops:
D:3 [(   D:9 *   Orc:2 ?:?*   Snake:2 *(   Snake:3 [

Annotations:
D:6 3 runed translucent doors, RealJoeEstevez's ghost, novice FoFi
D:9 2 transporters
Lair:1 3 runed translucent doors, noodleboyJ's ghost, journeyman DrFi
Orc:1 3 runed translucent doors, Wyvernaa's ghost, journeyman DsGl


Innate Abilities, Weirdness & Mutations

Your attributes grow dramatically as you level up.
You have an increased reservoir of magic. (+10% MP)
You shall have no god before yourself.


Message History

The splash of poison hits you but does no damage.
You are more poisoned.
You feel sick.
You feel sick.
You feel sick.
You feel sick.
You feel sick.
You feel sick.
You feel sick.
Okay, then.
Okay, then.
You feel sick.
You are no longer poisoned.
The black mamba hisses angrily.
You hear an angry hiss.
The naga spits poison at you. The splash of poison misses you.
As you read the scroll of teleportation, it crumbles to dust.
You feel strangely unstable. The black mamba bites you!
* * * LOW HITPOINT WARNING * * *
The black mamba barely misses you. The black mamba bites you!
* * * LOW HITPOINT WARNING * * *
You are poisoned.
The black mamba poisons you! The black mamba misses you.
You feel very sick. The naga warrior spits poison at you.
The splash of poison hits you but does no damage.
You are more poisoned.
The black mamba bites you!
* * * LOW HITPOINT WARNING * * *
The naga warrior roars a battlecry!
The naga goes into a battle-frenzy!
The black mamba bites you but does no damage.
You feel better. The black mamba bites you!
* * * LOW HITPOINT WARNING * * *
The black mamba bites you!
* * * LOW HITPOINT WARNING * * *
The naga warrior roars a battlecry!
The naga warrior goes into a battle-frenzy!
The black mamba bites you!
You die...

#...S..........##....##..#
#.....#...#.....###.###...
#.....#......... ### ...#
##....#.....##.. ....##..
##..#.#.....#.####......
##.........#...........
##..............##.###
##.SS.....#>.....#...
##.@..N.#.......##..
##......##.........
##.N.##.###.......
##..........)..#.
##.N###..#.S(.##
#.#.###......#.
##.##..[..N....
##..##........
##..####.}..#


You could see 2 naga warriors, 2 black mambas and a naga (strong).

Vanquished Creatures
  Saint Roka (Orc:2)
  Jorgrun (Snake:3)
  Gastronok (Orc:1)
  Snorg (Lair:3)
  4 hydras
  A salamander tyrant (Snake:2)
  2 anacondas
  3 two-headed ogres
  5 orc high priests (Orc:2)
  3 death yaks (Lair:2)
  A shock serpent (Snake:2)
  A deep elf knight (Orc:2)
  5 naga sharpshooters
  A sea snake (Snake:3)
  3 skeletal warriors (D:12)
  2 bog bodies (Lair:4)
  8 orc knights
  3 mana vipers
  An orc sorcerer (Orc:2)
  3 elephants (Lair:6)
  8 salamanders
  6 naga magi
  12 cane toads
  A gargoyle (D:11)
  20 black mambas
  9 rime drakes
  The ghost of freelancePsychic the Geomancer, a novice GrEE (D:4)
  12 komodo dragons
  6 trolls
  7 polar bears
  6 hornets
  Grinder (D:5)
  5 blink frogs (Lair:6)
  14 dream sheep
  14 spriggans (Lair:6)
  3 shadows
  22 yaks
  2 wraiths (D:10)
  2 wyverns (Lair:6)
  5 basilisks
  2 wargs (Orc:1)
  A steam dragon (D:10)
  16 nagas
  4 swamp worms (Lair:4)
  2 acid dragons
  25 water moccasins
  34 orc warriors
  A hornet zombie (D:8)
  4 sky beasts
  5 black bears
  3 boggarts (Lair:6)
  11 ogres
  A necrophage (D:4)
  28 wolves
  7 centaurs
  2 phantoms (D:11)
  4 kobold brigands
  3 wyvern zombies
  A scorpion (D:5)
  15 bullfrogs
  A water moccasin skeleton (D:3)
  3 killer bees (D:8)
  3 troll zombies (D:11)
  An electric eel (Lair:4)
  3 howler monkeys
  3 centaur zombies
  2 jellies
  6 hounds
  43 orc priests
  2 centaur skeletons (D:7)
  A gnoll shaman (D:4)
  5 iguanas
  16 orc wizards
  A killer bee zombie (D:8)
  5 ogre zombies (D:11)
  A hound skeleton (D:4)
  A howler monkey zombie (D:9)
  27 gnolls (D:4)
  8 adders
  A howler monkey skeleton (D:7)
  A shadow imp (D:6)
  4 white imps
  An ufetubus (D:5)
  3 worms
  3 dart slugs
  96 orcs
  6 endoplasms
  2 giant cockroaches
  9 goblins
  7 hobgoblins
  17 jackals (D:4)
  15 kobolds
  7 quokkas
  2 ball pythons
  14 bats
  3 frilled lizards
  2 goblin skeletons (D:11)
  4 goblin zombies (D:11)
  2 orc skeletons (D:11)
  17 orc zombies (D:11)
  A rat (D:2)
  A fulminant prism (D:11)
725 creatures vanquished.

Vanquished Creatures (collateral kills)
  An orc knight (Orc:2)
  A naga mage (Snake:3)
  3 komodo dragons
  A spriggan (Lair:6)
  2 nagas (Snake:3)
  4 orc warriors (Orc:2)
  An orc priest (Orc:2)
  2 orcs (Orc:1)
15 creatures vanquished.

Vanquished Creatures (others)
  A wyvern (Lair:5)
  178 fulminant prisms
  52 fungi
  115 plants
  4 withered plants (D:4)
350 creatures vanquished.

Grand Total: 1090 creatures vanquished

Notes
Turn   | Place    | Note
-------+----------+-------------------------------------------
     0 | D:1      | Papr the Demigod Conjurer began the quest for the Orb.
     0 | D:1      | Reached XP level 1. HP: 14/14 MP: 5/5
   381 | D:1      | Reached skill level 4 in Conjurations
   382 | D:1      | Reached XP level 2. HP: 20/20 MP: 0/7
   551 | D:1      | Learned a level 2 spell: Searing Ray
  1377 | D:2      | Reached XP level 3. HP: 26/26 MP: 2/8
  2269 | D:3      | Reached skill level 5 in Conjurations
  2273 | D:3      | Reached XP level 4. HP: 29/33 MP: 0/9
  2420 | D:3      | Found Udaxzoib's Armour Shop.
  2483 | D:3      | Found Yfrupt Ocopp's Antique Weapon Boutique.
  2778 | D:3      | Learned a level 4 spell: Iskenderun's Mystic Blast
  2979 | D:4      | Reached skill level 1 in Translocations
  2979 | D:4      | Reached XP level 5. HP: 36/38 MP: 3/10
  3194 | D:4      | Noticed an ogre
  3225 | D:4      | Killed an ogre
  3226 | D:4      | Reached skill level 6 in Conjurations
  3331 | D:4      | Noticed a black bear
  3466 | D:4      | Reached XP level 6. HP: 45/45 MP: 6/11
  3876 | D:4      | Reached skill level 7 in Conjurations
  3961 | D:4      | Reached XP level 7. HP: 50/50 MP: 5/13
  4121 | D:4      | Noticed a hornet
  4129 | D:4      | Paralysed by a hornet for 2 turns
  4138 | D:4      | Killed a hornet
  4313 | D:4      | Learned a level 4 spell: Fulminant Prism
  4521 | D:4      | Reached skill level 1 in Hexes
  4840 | D:4      | Reached skill level 8 in Conjurations
  5118 | D:4      | Found a runed translucent gate.
  5118 | D:4      | Found a runed translucent gate.
  5119 | D:4      | Found a runed translucent gate.
  5120 | D:4      | Identified the +10 short sword "Hydraslayer" {vamp, +Blink
                  | rPois}
  5120 | D:4      | Noticed freelancePsychic's ghost (novice GrEE)
  5520 | D:4      | Reached XP level 8. HP: 50/57 MP: 10/15
  6009 | D:4      | Killed freelancePsychic's ghost
  6208 | D:5      | Entered Level 5 of the Dungeon
  6425 | D:5      | Reached skill level 9 in Conjurations
  6584 | D:5      | Found a staircase to the Ecumenical Temple.
  7046 | D:5      | Noticed Grinder
  7053 | D:5      | Paralysed by Grinder for 6 turns
  7059 | D:5      | Killed Grinder
  7310 | D:5      | Reached XP level 9. HP: 62/62 MP: 12/18
  7530 | D:5      | Learned a level 2 spell: Blink
  7534 | D:5      | Learned a level 3 spell: Mephitic Cloud
  7687 | D:6      | Reached skill level 1 in Air Magic
  7687 | D:6      | Reached skill level 1 in Poison Magic
  8282 | D:6      | Found a runed translucent gate.
  8282 | D:6      | Found a runed translucent gate.
  8282 | D:6      | Found a runed translucent gate.
  8282 | D:6      | Noticed RealJoeEstevez's ghost (novice FoFi)
  8634 | D:7      | Reached skill level 10 in Conjurations
  8802 | D:7      | Reached skill level 1 in Fighting
  9012 | D:7      | Reached skill level 5 in Spellcasting
 10268 | D:8      | You fall into a shaft and drop 1 floor!
 10305 | D:9      | Reached XP level 10. HP: 75/75 MP: 17/21
 10877 | D:9      | Found Lim Noyl's Assorted Antiques.
 10961 | D:9      | Noticed a centaur warrior
 10967 | D:9      | Noticed a stone giant
 10968 | D:9      | Noticed a deep elf pyromancer
 10969 | D:9      | Found a transporter.
 10978 | D:9      | Found a transporter.
 11313 | D:9      | Found a staircase to the Lair.
 11566 | D:10     | Entered Level 10 of the Dungeon
 11875 | D:10     | Noticed a two-headed ogre
 11886 | D:10     | Killed a two-headed ogre
 12149 | D:10     | Reached skill level 11 in Conjurations
 12150 | D:10     | Reached skill level 5 in Dodging
 12579 | Lair:1   | Entered Level 1 of the Lair of Beasts
 12996 | Lair:1   | Noticed a black mamba
 13000 | Lair:1   | Killed a black mamba
 13140 | Lair:1   | Reached skill level 5 in Fighting
 13275 | Lair:1   | Found a runed translucent gate.
 13275 | Lair:1   | Found a runed translucent gate.
 13276 | Lair:1   | Found a runed translucent gate.
 13281 | Lair:1   | Noticed noodleboyJ's ghost (journeyman DrFi)
 13746 | Lair:1   | Reached XP level 11. HP: 88/88 MP: 13/22
 14219 | Lair:2   | Noticed a death yak
 14221 | Lair:2   | Noticed a death yak
 14223 | Lair:2   | Noticed a death yak
 14233 | Lair:2   | Killed a death yak
 14234 | Lair:2   | Reached skill level 5 in Stealth
 14236 | Lair:2   | Killed a death yak
 14500 | Lair:2   | Reached skill level 12 in Conjurations
 14671 | Lair:2   | Killed a death yak
 15568 | Lair:3   | Learned a level 4 spell: Summon Lightning Spire
 15571 | Lair:3   | Noticed a four-headed hydra
 15741 | Lair:3   | Reached skill level 1 in Summonings
 15965 | Lair:3   | Found a staircase to the Snake Pit.
 16141 | Lair:3   | Noticed Snorg
 16218 | Lair:3   | Killed a four-headed hydra
 16616 | Lair:3   | Killed Snorg
 16617 | Lair:3   | Reached XP level 12. HP: 87/100 MP: 0/25
 17629 | Lair:4   | Noticed a four-headed hydra
 17633 | Lair:4   | Killed a four-headed hydra
 18527 | Lair:4   | Found a staircase to the Swamp.
 18968 | Lair:5   | Noticed an eight-headed hydra
 19206 | Lair:5   | Killed an eight-headed hydra
 19881 | Lair:5   | Found a staircase to the Slime Pits.
 20007 | Lair:6   | Entered Level 6 of the Lair of Beasts
 20033 | Lair:6   | Reached XP level 13. HP: 94/111 MP: 2/29
 20482 | Lair:6   | Reached skill level 1 in Evocations
 22071 | Lair:6   | Identified a scroll of acquirement
 22108 | Lair:6   | Acquired the -4 buckler of Tovidew {rElec Will++ Dex+4}
 22321 | Lair:6   | Reached skill level 1 in Shields
 22449 | Lair:6   | Reached skill level 5 in Evocations
 23125 | D:11     | Identified the +0 pair of gloves "Effus" {*Slow rElec rF-
                  | Str+8}
 23533 | D:11     | Found a staircase to the Orcish Mines.
 25237 | Orc:1    | Entered Level 1 of the Orcish Mines
 25329 | Orc:1    | Noticed Gastronok
 25352 | Orc:1    | Killed Gastronok
 26242 | Orc:1    | Found a runed translucent gate.
 26244 | Orc:1    | Found a runed translucent gate.
 26245 | Orc:1    | Found a runed translucent gate.
 26245 | Orc:1    | Noticed a stone giant
 26245 | Orc:1    | Noticed Wyvernaa's ghost (journeyman DsGl)
 26376 | Orc:2    | Entered Level 2 of the Orcish Mines
 26376 | Orc:2    | Noticed Saint Roka
 26637 | Orc:2    | Reached XP level 14. HP: 53/118 MP: 1/31
 27503 | Orc:2    | Found a staircase to the Elven Halls.
 28175 | Orc:2    | Killed Saint Roka
 28176 | Orc:2    | Reached skill level 13 in Conjurations
 28989 | Orc:2    | Reached skill level 10 in Spellcasting
 29193 | Orc:2    | Found Taetogg's General Store.
 29193 | Orc:2    | Found Joipn's Magic Scroll Emporium.
 29194 | Orc:2    | Found Tashuzuf's Book Shoppe.
 29194 | Orc:2    | Found Zilam's Magic Scroll Emporium.
 29210 | Orc:2    | Bought a book of Power for 675 gold pieces
 29222 | Orc:2    | Learned a level 7 spell: Orb of Destruction
 29358 | Elf:1    | Entered Level 1 of the Elven Halls
 29683 | Snake:1  | Entered Level 1 of the Snake Pit
 30256 | Snake:1  | Identified the +7 scimitar of Kimailla {drain, rC+ SInv}
 31043 | Snake:2  | Reached skill level 5 in Summonings
 31473 | Snake:2  | Found Curch's General Store.
 31477 | Snake:2  | Found Cenwij's Antique Weapon Shoppe.
 31481 | Snake:2  | Bought 2 potions of curing for 102 gold pieces
 32875 | Snake:3  | Reached skill level 1 in Armour
 33059 | Snake:3  | Found Tioloo's Antique Armour Shoppe.
 33084 | Snake:3  | Noticed Jorgrun
 33113 | Snake:3  | Killed Jorgrun
 33140 | Snake:3  | Reached XP level 15. HP: 66/124 MP: 14/34
 33172 | Snake:3  | HP: 4/124 [black mamba (11)]
 33172 | Snake:3  | Mangled by a black mamba

Illustrated notes

Levels and vault maps discovered:
D:1:      sevenhm_arrival_forest_fort_large_1, layout_basic, serial_forest,
          infiniplex_forest_split, infiniplex_forest_lined_room_2,
          infiniplex_forest_zigzag_2, infiniplex_forest_clump_small,
          infiniplex_forest_lined_3, infiniplex_forest_clump_double,
          infiniplex_forest_clump_tiny, infiniplex_forest_clump_cross,
          grunt_decor_mini_mirrors, corexii_corridor_pit,
          chequers_serial_rivers_marsh
D:2:      layout_loops_cross, hellmonk_ecumenical_altar_lost_god
D:3:      layout_basic, old_standard_altar, serial_shops, shop,
          nicolae_shop_stone, amcnicky_mini_pool_small, item_on_display_a
D:4:      lemuel_castle_with_subvaults [lemuel_castle_interior_original],
          layout_rooms, yredelemnul_altar_generic, biasface_ghost_orc_armoury
D:5:      layout_basic, temple_fountains, uniq_grinder
D:6:      layout_loops_cross, gammafunk_ghost_split, st_stairs_9
D:7:      layout_rooms, fiery_altar_vehumet, kennysheep_another_room,
          kennysheep_pointless_box
D:8:      layout_cave_pods, nicolae_overflow_crystal_walls
D:9:      layout_grid_maze, lemuel_crystal_altar,
          gammafunk_temple_overflow_arena, general_overflow_altar,
          david_lair_shrubbed, serial_shops, nicolae_shop_overgrown_old_shop,
          minivault_5, minivault_22, grunt_decor_one_mirror, roderic_lattice_a,
          minmay_holes, blue_anna_alchemist
D:10:     layout_long_grid, cheibrodos_worm_habitat, overflow_temple_1_default
D:11:     layout_stronghold, zombieorc2_lemuel,
          hangedman_abyss_or_decor_jellyfish_corner, minivault_24
D:12:     layout_rooms, serial_shops, kennysheep_mini,
          ebering_ghost_rock_garden, minmay_stone_trees_small
Lair:1:   layout_loops_ring, ebering_ghost_rock_garden, st_stairs_7,
          roderic_batcave, hangedman_lair_unloving_vines,
          chequers_serial_rivers_room_b
Lair:2:   layout_chaotic_city
Lair:3:   layout_chaotic_city, minmay_snake_entry_six_corridors,
          grunt_forest_stairs_basic, minivault_27,
          chequers_serial_rivers_micro_b, uniq_snorg
Lair:4:   layout_gridlike, nicolae_swamp_entry_splash_gauntlet,
          minmay_lair_drake_nest, grunt_megastairs_2
Lair:5:   layout_misc_corridors, dpeg_slime_entry_enclosed_altar,
          beast_lair_carwin_3, grunt_megastairs_4, infiniplex_staircase_pool_2
Lair:6:   minmay_lair_end_enchanted_forest, layout_hall_layers, basic_altar,
          grunt_megastairs_5, lemuel_fruit_tree
Snake:1:  layout_gridlike, serial_bayou_shore_b
Snake:2:  layout_grid_maze, minmay_shop_star
Snake:3:  layout_onion_interference, serial_shops, nicolae_shop_behind_doors,
          serial_bayou_shore_a, uniq_jorgrun
Orc:1:    layout_caves, gammafunk_ghost_fury_of_okawaru, abandoned_shop,
          uniq_gastronok
Orc:2:    st_orc_pillars, layout_caves, uniq_saint_roka
Elf:1:    layout_rooms, minmay_elf_demonology

Skill      XL: |  1  2  3  4  5  6  7  8  9 10 11 12 13 14 |
---------------+-------------------------------------------+-----
Spellcasting   | 2 3 5 6 8 9 10 | 10.2
Conjurations   | 4 5 6 7 8 9 10 11 12 13 | 13.6
Translocations | 1 2 3 4 |  4.0
Hexes          | 2 4 |  4.0
Air Magic      | 2 4 |  4.0
Poison Magic   | 2 |  2.0
Dodging        | 3 5 6 8 9 |  9.0
Fighting       | 2 5 7 9 |  9.0
Stealth        | 4 5 |  5.0
Summonings     | 4 6 |  6.1
Evocations     | 7 9 |  9.1
Shields        | 4 |  4.0
Armour         | 1 |  1.8

Action                   |  1- 3 |  4- 6 |  7- 9 | 10-12 | 13-15 || total
-------------------------+-------+-------+-------+-------+-------++-------
Melee: Whip              |       |       |     8 |       |       ||     8
       Short sword       |       |       |       |    15 |    42 ||    57
       Staff             |       |       |       |     1 |    18 ||    19
 Cast: Magic Dart        |    32 |     1 |     2 |       |       ||    35
       Searing Ray       |    18 |    34 |    85 |    90 |   126 ||   353
       Iskenderun's Myst |       |       |     8 |    34 |    59 ||   101
       Fulminant Prism   |       |       |    21 |    69 |    89 ||   179
       Blink             |       |       |     1 |       |       ||     1
       Mephitic Cloud    |       |       |       |     1 |     9 ||    10
       Summon Lightning  |       |       |       |     4 |    13 ||    17
       Orb of Destructio |       |       |       |       |    53 ||    53
Evoke: Piece from Xom's  |       |       |       |       |    13 ||    13
       Box of beasts     |       |       |       |       |     2 ||     2
  Use: Potion            |       |       |     2 |       |     7 ||     9
       Scroll            |       |       |    12 |    11 |    10 ||    33
 Stab: Petrified         |       |       |       |       |     5 ||     5
Armor: Robe              |     4 |     6 |    27 |     2 |       ||    39
       Skin              |       |       |     1 |       |       ||     1
       Acid dragon scale |       |       |       |    22 |    92 ||   114
Dodge: Dodged            |     7 |    30 |    89 |   171 |   385 ||   682
Block: Buckler           |       |       |       |       |     6 ||     6

Table legend: (Time is in decaauts)
 A = Elapsed time spent in this place.
 B = Non-inter-level travel time spent in this place.
 C = Inter-level travel time spent in this place.
 D = Time resting spent in this place.
 E = Time spent auto-exploring this place.
 F = Levels seen in this place.
 G = Mean time per level.
                   A        B        C        D        E       F      G
               +--------+--------+--------+--------+--------+-----+--------+
         Total |  33233 |  32003 |   1230 |   9540 |  17323 |  24 | 1384.7 |
       Dungeon |  14979 |  14450 |    529 |   3598 |   8818 |  12 | 1248.2 |
          Lair |  10486 |  10029 |    457 |   3219 |   5250 |   6 | 1747.7 |
     Snake Pit |   3490 |   3387 |    103 |   1167 |   1599 |   3 | 1163.3 |
  Orcish Mines |   4270 |   4131 |    139 |   1556 |   1655 |   2 | 2135.0 |
   Elven Halls |      7 |      7 |      0 |      0 |      0 |   1 |    7.0 |
               +--------+--------+--------+--------+--------+-----+--------+

Top non-repeatable levels by time:
     D:4: 3023 daAuts
   Orc:2: 2572 daAuts
  Lair:6: 2411 daAuts
  Lair:4: 2038 daAuts
 Snake:2: 1838 daAuts
  Lair:1: 1762 daAuts
   Orc:1: 1697 daAuts
    D:11: 1660 daAuts
  Lair:2: 1524 daAuts
  Lair:3: 1522 daAuts
    D:10: 1391 daAuts
     D:9: 1378 daAuts
     D:5: 1262 daAuts
     D:1: 1236 daAuts
  Lair:5: 1226 daAuts
